 Dungeon Crawl Stone Soup version 0.28-a0-863-g8cecda6153 (webtiles) character file.

Game seed: 15342220386914187886

21 croobank the Digger (level 2, 0/16 HPs)
             Began as a Gargoyle Earth Elementalist on Nov 16, 2021.
             Slain by a hobgoblin (3 damage)
             ... on level 1 of the Dungeon.
             The game lasted 00:04:46 (758 turns).

croobank the Digger (Gargoyle Earth Elementalist)    Turns: 758, Time: 00:04:53

Health: 0/16       AC:  4    Str: 11    XL:     2   Next: 87%
Magic:  0/5        EV: 12    Int: 15    God:
Gold:   30         SH:  0    Dex: 10    Spells: 4/5 levels left

rFire   . . .      SeeInvis .   (no weapon)
rCold   . . .      Faith    .   (no shield)
rNeg    + . .      Spirit   .   b - +0 robe
rPois   ∞          Reflect  .   (helmet restricted)
rElec   +          Harm     .   (no cloak)
rCorr   .          Rampage  .   (no gloves)
Will    .....      Rage     1%  (no boots)
Stlth   ++........              (no amulet)
HPRegen 0.05/turn               (no ring)
MPRegen 0.09/turn               (no ring)

@: attractive
A: sickness immunity, AC +2, negative energy resistance 1, electricity
resistance, torment resistance 1, petrification resistance, horns 1, berserk 1,
subdued magic 1
a: no special abilities


You were on level 1 of the Dungeon.
You visited 1 branch of the dungeon, and saw 1 of its levels.

You collected 30 gold pieces.

Inventory:

Missiles
 c - 69 stones
 g - 20 arrows
Armour
 b - a +0 robe (worn)
Scrolls
 f - a scroll of teleportation {unknown}
 i - a scroll of enchant weapon {unknown}
Potions
 h - a potion of brilliance {unknown}
 j - a potion of resistance {unknown}
 k - a potion of ambrosia {unknown}


   Skills:
 + Level 0.4 Fighting
 + Level 1.9 Dodging
 + Level 2.3 Stealth
 + Level 0.1 Unarmed Combat
 + Level 2.1 Spellcasting
 + Level 0.8 Transmutations
 + Level 4.1 Earth Magic


You had 4 spell levels left.
You knew the following spells:

 Your Spells              Type           Power      Damage    Failure   Level
a - Sandblast             Erth           20%        2d7       3%          1

Your spell library contained the following spells:

 Spells                   Type           Power      Damage    Failure   Level
 Passwall                 Tmut/Erth      5%         N/A       10%         2
 Stone Arrow              Conj/Erth      12%        3d7       24%         3
 Petrify                  Tmut/Erth      7%         N/A       56%         4


Dungeon Overview and Level Annotations

Branches:
Dungeon (1/15)

Altars:


Innate Abilities, Weirdness & Mutations

You are immune to sickness and miasma.
Your stone body is resilient. (AC +2)
You are immune to poison.
You resist negative energy. (rN+)
You are resistant to electric shocks. (rElec)
You are resistant to unholy torment.
You are immune to petrification.
You have a pair of small horns on your head.
You tend to lose your temper in combat.
Your spells are a little easier to cast, but a little less powerful.


Message History

You hit the endoplasm.
The endoplasm is almost dead.
The endoplasm hits you but does no damage.
Aiming: Sandblast (safe; 4% risk of failure)
Press: ? - help, Q - select action, (/) - cycle Shift-Dir - straight line, f/p - endoplasm
Aim: an endoplasm (almost dead, 98% to hit)
The blast of sand hits the endoplasm!
You kill the endoplasm!
A bat and a kobold come into view.
The kobold shouts!
You hear a shout!
Found 8 gold pieces.
The bat barely misses you. The bat barely misses you.
A hobgoblin comes into view.
The bat hits you but does no damage. The bat closely misses you.
The bat hits you but does no damage.
You see here a murky grey potion.
k - a murky grey potion The kobold barely misses you.
The bat barely misses you.
Aiming: Sandblast (safe; 4% risk of failure)
Press: ? - help, Q - select action, (/) - cycle Shift-Dir - straight line, f - kobold
Aim: a kobold, wielding a +0 club (74% to hit)
The blast of sand hits the kobold.
The kobold is severely wounded.
The bat hits you but does no damage. The bat completely misses you.
The kobold barely misses you.
As you read the scroll labelled ATUJEA FEAT, it crumbles to dust.
You feel aware of your surroundings.
It was a scroll of magic mapping.
The bat hits you but does no damage. The kobold misses you.
It was a potion of attraction.
You feel attractive to monsters. The kobold hits you with a +0 club.
* * * LOW HITPOINT WARNING * * *
The bat hits you but does no damage. The hobgoblin barely misses you.
It was a potion of mutation.
You feel extremely strange. A pair of horns grows on your head!
Your connection to magic feels subdued.
You feel a little pissed off. The bat barely misses you. The bat hits you.
* * * LOW HITPOINT WARNING * * *
The kobold barely misses you. The hobgoblin hits you.
You die...

*,,,,,,,,,,#.......# #....#
*,,,,,,,,,,#.......#########...)#
***********#....#.............>..
#......##########..†.# #####..#
#....# #..##### #....#
*#######......##* #....#
*.......K.......# ######
*.#$...g@.......#
*,#.##....b.##..#
*,#,*##....##*,.#
*,*,,*##..##*,,,#
*,*,,,*####*,,,,* *,*,,,,*
*,,,,,* *,*,,,,* *,,,,,*
*,*,,,******,,,,*
*,,,,***,,***,,,*


You could see a hobgoblin, a bat and a kobold.

Vanquished Creatures
  A dart slug (D:1)
  2 endoplasms (D:1)
  3 giant cockroaches (D:1)
  2 goblins (D:1)
  2 hobgoblins (D:1)
  3 ball pythons (D:1)
  2 bats (D:1)
  A rat (D:1)
16 creatures vanquished.

Notes
Turn   | Place    | Note
-------+----------+-------------------------------------------
     0 | D:1      | croobank the Gargoyle Earth Elementalist began the quest
                  | for the Orb.
     0 | D:1      | Reached XP level 1. HP: 10/10 MP: 3/3
   350 | D:1      | Reached skill level 4 in Earth Magic
   356 | D:1      | Reached XP level 2. HP: 15/15 MP: 3/5
   758 | D:1      | Gained mutation: You have a pair of small horns on your
                  | head. [potion of mutation]
   758 | D:1      | Gained mutation: Your spells are a little easier to cast,
                  | but a little less powerful. [potion of mutation]
   758 | D:1      | Gained mutation: You tend to lose your temper in combat.
                  | [potion of mutation]
   758 | D:1      | Slain by a hobgoblin

Illustrated notes

Levels and vault maps discovered:
D:1:      lemuel_arrival_room, layout_rooms, minmay_misc_feat_five,
          minmay_misc_feat_cross, minivault_19, kennysheep_pointless_box

Skill      XL: |  1 |
---------------+----+-----
Earth Magic    | 4 |  4.1
Fighting       | |  0.4
Dodging        | |  1.9
Stealth        | |  2.3
Unarmed Combat | |  0.1
Spellcasting   | |  2.1
Transmutations | |  0.8

Action                   || total
-------------------------++-------
Melee: Unarmed           ||    56
 Cast: Sandblast         ||    21
  Use: Potion            ||     2
       Scroll            ||     1
Armor: Robe              ||    29
Dodge: Dodged            ||    65

Table legend: (Time is in decaauts)
 A = Elapsed time spent in this place.
 B = Non-inter-level travel time spent in this place.
 C = Inter-level travel time spent in this place.
 D = Time resting spent in this place.
 E = Time spent auto-exploring this place.
 F = Levels seen in this place.
 G = Mean time per level.
                   A        B        C        D        E       F      G
               +--------+--------+--------+--------+--------+-----+--------+
         Total |    758 |    758 |      0 |    292 |    280 |   1 |  758.0 |
       Dungeon |    758 |    758 |      0 |    292 |    280 |   1 |  758.0 |
               +--------+--------+--------+--------+--------+-----+--------+

Top non-repeatable levels by time:
     D:1: 758 daAuts
